TOP OF THE 1ST |
Charlotte Knights batting - Pitching for Columbus Clippers : RHP Josh Hoeye
|
Pitching: RHP Josh Hoeye
|
|
Batting: LHB John Thurman
|
0-0: Ball 1-0: Ball 2-0: Called Strike 2-1: Fly out, F8 (Flyball, 8RXD, EV 77.5 MPH)
|
Batting: LHB Carlos Ramirez
|
0-0: Ball 1-0: Ball 2-0: Foul Ball, location: 2F 2-1: Ball 3-1: Called Strike 3-2: Strikes out swinging
|
Batting: LHB Joe Kirkland
|
0-0: Foul Ball, location: 2F 0-1: Ball 1-1: DOUBLE (Line Drive, 9LM, EV 88.1 MPH)
|
Batting: LHB Ricardo Pagan
|
0-0: Ball 1-0: Swinging Strike 1-1: Called Strike 1-2: Ball 2-2: Ground out 5-3 (Groundball, 5, EV 89.4 MPH)
|
Top of the 1st over - 0 runs, 1 hit, 0 errors, 1 left on base; Charlotte 0 - Columbus 0 |
BOTTOM OF THE 1ST |
Columbus Clippers batting - Pitching for Charlotte Knights : RHP Jake Milligan
|
Pitching: RHP Jake Milligan
|
|
Batting: RHB Jason Sher
|
0-0: Swinging Strike 0-1: Swinging Strike 0-2: Ball 1-2: Foul Ball, location: 2F 1-2: Strikes out swinging
|
Batting: LHB Stu Sornson
|
0-0: Called Strike 0-1: Ball 1-1: SINGLE (Groundball, 4MD, EV 111.2 MPH)
|
Batting: LHB Jesus Lozano
|
0-0: Ball 1-0: Ball 2-0: Ball 3-0: Base on Balls Stu Sornson to second
|
Batting: LHB Robert Watson
|
0-0: Swinging Strike 0-1: Foul Ball, location: 2F 0-2: Ball 1-2: Strikes out swinging
|
Batting: LHB Jim Keefe
|
0-0: Ball 1-0: Called Strike 1-1: Ball 2-1: Ball 3-1: Base on Balls Stu Sornson to third Jesus Lozano to second
|
Batting: LHB Corey Trevor
|
0-0: Ball 1-0: Fielders Choice at 2nd, 6-4 (Groundball, 6, EV 107.5 MPH)
|
Bottom of the 1st over - 0 runs, 1 hit, 0 errors, 3 left on base; Charlotte 0 - Columbus 0 |
TOP OF THE 2ND |
Charlotte Knights batting - Pitching for Columbus Clippers : RHP Josh Hoeye
|
Batting: SHB Matt Childers
|
0-0: Ball 1-0: Fly out, F6 (Popup, 6M, EV 70.0 MPH)
|
Batting: LHB Adam Tarbutton
|
0-0: Ball 1-0: Reached on error, E5 (Groundball, 56S, EV 93.8 MPH)
|
Batting: RHB Micah Brown
|
0-0: Ball 1-0: Ball 2-0: Ball 3-0: Called Strike 3-1: Base on Balls Adam Tarbutton to second
|
Batting: RHB Kikuo Sato
|
0-0: Ball 1-0: Swinging Strike 1-1: Ball 2-1: Ground out 3-1 (Groundball, 34S, EV 75.0 MPH) Adam Tarbutton to third Micah Brown to second
|
Batting: RHB Steve Waltenbery
|
0-0: Ball 1-0: Ball 2-0: Called Strike 2-1: Ground out 6-3 (Groundball, 6, EV 82.5 MPH)
|
Top of the 2nd over - 0 runs, 0 hits, 1 error, 2 left on base; Charlotte 0 - Columbus 0 |
BOTTOM OF THE 2ND |
Columbus Clippers batting - Pitching for Charlotte Knights : RHP Jake Milligan
|
Batting: LHB Justin Barker
|
0-0: TRIPLE (Flyball, 89XD, EV 103.1 MPH)
|
Batting: RHB Josh Hoeye
|
0-0: Ball 1-0: Foul Ball, location: 2F 1-1: Ball 2-1: Foul Ball, location: 2F 2-2: Ball 3-2: Base on Balls
|
Batting: RHB Stephen Charbonneau
|
0-0: Called Strike Josh Hoeye is caught stealing 2nd base 2-4 0-1: Ball 1-1: Swinging Strike 1-2: Foul Ball, location: 2F 1-2: Ball 2-2: Ball 3-2: Ground out 5-3 (Groundball, 25, EV 83.1 MPH)
|
Batting: RHB Jason Sher
|
0-0: Ball 1-0: Called Strike 1-1: Ball 2-1: Ball 3-1: Fly out, F8 (Flyball, 8RM, EV 96.2 MPH)
|
Bottom of the 2nd over - 0 runs, 1 hit, 0 errors, 1 left on base; Charlotte 0 - Columbus 0 |
TOP OF THE 3RD |
Charlotte Knights batting - Pitching for Columbus Clippers : RHP Josh Hoeye
|
Batting: LHB John Thurman
|
0-0: Ball 1-0: Ground out 6-3 (Groundball, 6, EV 86.9 MPH)
|
Batting: LHB Carlos Ramirez
|
0-0: Ball 1-0: Ground out 6-3 (Groundball, 56, EV 95.0 MPH)
|
Batting: LHB Joe Kirkland
|
0-0: Foul Ball, location: 2F 0-1: Ball 1-1: Foul Ball, location: 2F 1-2: Ball 2-2: SINGLE (Groundball, 6MD, EV 108.8 MPH)
|
Batting: LHB Ricardo Pagan
|
0-0: Ball Joe Kirkland is caught stealing 2nd base 2-6
|
Top of the 3rd over - 0 runs, 1 hit, 0 errors, 0 left on base; Charlotte 0 - Columbus 0 |
BOTTOM OF THE 3RD |
Columbus Clippers batting - Pitching for Charlotte Knights : RHP Jake Milligan
|
Batting: LHB Stu Sornson
|
0-0: Called Strike 0-1: SINGLE (Line Drive, 78M, EV 97.5 MPH)
|
Batting: LHB Jesus Lozano
|
0-0: Called Strike 0-1: Swinging Strike 0-2: Ball 1-2: Strikes out swinging
|
Batting: LHB Robert Watson
|
0-0: Ball 1-0: Swinging Strike 1-1: Ball Stu Sornson steals 2nd base 2-1: Swinging Strike 2-2: Foul Ball, location: 2F 2-2: Foul Ball, location: 2F 2-2: Ball 3-2: Strikes out swinging
|
Batting: LHB Jim Keefe
|
0-0: Ball 1-0: Ball 2-0: Ball 3-0: Called Strike 3-1: Foul Ball, location: 2F 3-2: Foul Ball, location: 2F 3-2: Base on Balls
|
Batting: LHB Corey Trevor
|
0-0: Ball 1-0: Ball 2-0: Called Strike 2-1: Foul Ball, location: 2F 2-2: Foul Ball, location: 2F 2-2: Ball Wild Pitch! Stu Sornson to third Jim Keefe to second 3-2: Foul Ball, location: 2F 3-2: Foul Ball, location: 2F 3-2: Base on Balls
|
Batting: LHB Justin Barker
|
0-0: Foul Ball, location: 2F 0-1: Ball 1-1: Foul Ball, location: 2F 1-2: Ball 2-2: Strikes out swinging
|
Bottom of the 3rd over - 0 runs, 1 hit, 0 errors, 3 left on base; Charlotte 0 - Columbus 0 |
TOP OF THE 4TH |
Charlotte Knights batting - Pitching for Columbus Clippers : RHP Josh Hoeye
|
Batting: LHB Ricardo Pagan
|
0-0: Ball 1-0: Swinging Strike 1-1: Foul Ball, location: 2F 1-2: DOUBLE (Line Drive, 8RXD, EV 101.2 MPH)
|
Batting: SHB Matt Childers
|
0-0: Called Strike 0-1: Swinging Strike 0-2: Strikes out swinging, 2-3 out at first.
|
Batting: LHB Adam Tarbutton
|
0-0: Fly out, F7 (Flyball, 7, EV 91.9 MPH)
|
Batting: RHB Micah Brown
|
0-0: Ball 1-0: Ball 2-0: Ground out 1-3 (Groundball, 15S, EV 66.9 MPH)
|
Top of the 4th over - 0 runs, 1 hit, 0 errors, 1 left on base; Charlotte 0 - Columbus 0 |
BOTTOM OF THE 4TH |
Columbus Clippers batting - Pitching for Charlotte Knights : RHP Jake Milligan
|
Batting: RHB Josh Hoeye
|
0-0: Called Strike 0-1: Ball 1-1: Ball 2-1: Foul Ball, location: 2F 2-2: Ball 3-2: Ground out 5-3 (Groundball, 56, EV 87.5 MPH)
|
Batting: RHB Stephen Charbonneau
|
0-0: Ball 1-0: Ball 2-0: Called Strike 2-1: Foul Ball, location: 2F 2-2: Ball 3-2: Fly out, F7 (Flyball, 78M, EV 72.5 MPH)
|
Batting: RHB Jason Sher
|
0-0: Called Strike 0-1: Ball 1-1: Ball 2-1: Ball 3-1: Base on Balls
|
Pitching: RHP Emilio Gonzalez
|
|
Batting: LHB Stu Sornson
|
0-0: Ball 1-0: Called Strike Jason Sher steals 2nd base 1-1: Ball 2-1: Ground out 3-1 (Groundball, 34, EV 105.0 MPH)
|
Bottom of the 4th over - 0 runs, 0 hits, 0 errors, 1 left on base; Charlotte 0 - Columbus 0 |
TOP OF THE 5TH |
Charlotte Knights batting - Pitching for Columbus Clippers : RHP Josh Hoeye
|
Batting: RHB Kikuo Sato
|
0-0: Ball 1-0: Ball 2-0: SINGLE (Groundball, 6MD, EV 101.2 MPH) (infield hit)
|
Batting: RHB Steve Waltenbery
|
0-0: Ball 1-0: SINGLE (Groundball, 34, EV 86.9 MPH) (infield hit) Kikuo Sato to second
|
Batting: LHB John Thurman
|
0-0: Swinging Strike 0-1: Ball 1-1: Ball 2-1: Ball 3-1: Called Strike 3-2: Foul Ball, location: 2F 3-2: Strikes out swinging
|
Batting: LHB Carlos Ramirez
|
0-0: Grounds into double play, 6-4-3 (Groundball, 56, EV 81.9 MPH)
|
Top of the 5th over - 0 runs, 2 hits, 0 errors, 1 left on base; Charlotte 0 - Columbus 0 |
BOTTOM OF THE 5TH |
Columbus Clippers batting - Pitching for Charlotte Knights : RHP Emilio Gonzalez
|
Batting: LHB Jesus Lozano
|
0-0: SOLO HOME RUN (Flyball, 78XD, EV 104.4 MPH), Distance : 406 ft
|
Batting: LHB Robert Watson
|
0-0: Ball 1-0: Ball 2-0: Called Strike 2-1: Swinging Strike 2-2: Strikes out swinging
|
Batting: LHB Jim Keefe
|
0-0: Called Strike 0-1: Swinging Strike 0-2: Ball 1-2: Foul Ball, location: 2F 1-2: Ground out 6-3 (Groundball, P, EV 85.0 MPH)
|
Batting: LHB Corey Trevor
|
0-0: Foul Ball, location: 2F 0-1: SINGLE (Groundball, 6D, EV 103.1 MPH)
|
Batting: LHB Justin Barker
|
0-0: Called Strike Corey Trevor steals 2nd base 0-1: Ball 1-1: Fly out, F8 (Flyball, 8RXD, EV 93.1 MPH)
|
Bottom of the 5th over - 1 run, 2 hits, 0 errors, 1 left on base; Charlotte 0 - Columbus 1 |
TOP OF THE 6TH |
Charlotte Knights batting - Pitching for Columbus Clippers : RHP Josh Hoeye
|
Batting: LHB Joe Kirkland
|
0-0: Ball 1-0: Called Strike 1-1: Called Strike 1-2: Ball 2-2: Ball 3-2: Foul Ball, location: 2F 3-2: Base on Balls
|
Batting: LHB Ricardo Pagan
|
0-0: Called Strike 0-1: Ball 1-1: Foul Ball, location: 2F 1-2: Foul Ball, location: 2F 1-2: Strikes out swinging
|
Batting: SHB Matt Childers
|
0-0: Ball 1-0: DOUBLE (Flyball, 78XD, EV 104.4 MPH) Joe Kirkland to third
|
Batting: LHB Adam Tarbutton
|
0-0: Called Strike 0-1: Ball 1-1: Ball 2-1: Swinging Strike 2-2: Ball 3-2: Strikes out swinging
|
Pinch Hitting: LHB Jason Bell
|
0-0: Ball 1-0: Ball 2-0: Ground out 1-3 (Groundball, 15S, EV 74.4 MPH)
|
Top of the 6th over - 0 runs, 1 hit, 0 errors, 2 left on base; Charlotte 0 - Columbus 1 |
BOTTOM OF THE 6TH |
Columbus Clippers batting - Pitching for Charlotte Knights : RHP Emilio Gonzalez
|
Now at 2B: Fletcher Easter
|
|
Batting: RHB Josh Hoeye
|
0-0: Called Strike 0-1: Fly out, F8 (Flyball, 8RXD, EV 105.0 MPH)
|
Batting: RHB Stephen Charbonneau
|
0-0: Foul Ball, location: 2F 0-1: Ball 1-1: Called Strike 1-2: Ball 2-2: Fly out, F8 (Flyball, 8RD, EV 86.9 MPH)
|
Batting: RHB Jason Sher
|
0-0: Ball 1-0: Ball 2-0: Called Strike 2-1: Foul Ball, location: 2F 2-2: Strikes out looking
|
Bottom of the 6th over - 0 runs, 0 hits, 0 errors, 0 left on base; Charlotte 0 - Columbus 1 |
TOP OF THE 7TH |
Charlotte Knights batting - Pitching for Columbus Clippers : RHP Josh Hoeye
|
Now at 1B: Gabe White
|
|
Now at 2B: Jason Sher
|
|
Batting: RHB Kikuo Sato
|
0-0: Ground out 6-3 (Groundball, 6, EV 83.8 MPH)
|
Batting: RHB Steve Waltenbery
|
0-0: Ball 1-0: Called Strike 1-1: Called Strike 1-2: Ball 2-2: SINGLE (Groundball, 6D, EV 96.2 MPH)
|
Batting: LHB John Thurman
|
0-0: Grounds into double play, 6-4-3 (Groundball, 6M, EV 103.1 MPH)
|
Top of the 7th over - 0 runs, 1 hit, 0 errors, 0 left on base; Charlotte 0 - Columbus 1 |
BOTTOM OF THE 7TH |
Columbus Clippers batting - Pitching for Charlotte Knights : RHP Emilio Gonzalez
|
Pitching: RHP Luis Castillo
|
|
Batting: LHB Stu Sornson
|
0-0: SINGLE (Groundball, 56S, EV 65.0 MPH) (infield hit)
|
Batting: LHB Gabe White
|
0-0: Ball 1-0: Called Strike 1-1: Ball 2-1: Called Strike 2-2: Foul Ball, location: 2F 2-2: Strikes out swinging
|
Batting: LHB Robert Watson
|
0-0: Ball 1-0: Fielders Choice at 2nd, 2-4 (Groundball, 15S, EV 68.1 MPH)
|
Batting: LHB Jim Keefe
|
0-0: Ball 1-0: Fielders Choice at 2nd, 6-4 (Groundball, 6, EV 83.1 MPH)
|
Bottom of the 7th over - 0 runs, 1 hit, 0 errors, 1 left on base; Charlotte 0 - Columbus 1 |
TOP OF THE 8TH |
Charlotte Knights batting - Pitching for Columbus Clippers : RHP Josh Hoeye
|
Batting: LHB Carlos Ramirez
|
0-0: Ball 1-0: Called Strike 1-1: Called Strike 1-2: Strikes out swinging, 2-3 out at first.
|
Batting: LHB Joe Kirkland
|
0-0: Fly out, F9 (Flyball, 9LSF, EV 93.8 MPH)
|
Batting: LHB Ricardo Pagan
|
0-0: Ball 1-0: Ball 2-0: Ball 3-0: Base on Balls
|
Batting: SHB Matt Childers
|
0-0: Called Strike 0-1: Foul Ball, location: 2F 0-2: Ball 1-2: Foul Ball, location: 2F 1-2: Foul Ball, location: 2F 1-2: Ball 2-2: Foul Ball, location: 2F 2-2: Fly out, F7 (Line Drive, 7, EV 110.6 MPH)
|
Top of the 8th over - 0 runs, 0 hits, 0 errors, 1 left on base; Charlotte 0 - Columbus 1 |
BOTTOM OF THE 8TH |
Columbus Clippers batting - Pitching for Charlotte Knights : RHP Luis Castillo
|
Batting: LHB Corey Trevor
|
0-0: Fly out, F8 (Flyball, 8LXD, EV 95.0 MPH)
|
Batting: LHB Justin Barker
|
0-0: Ball 1-0: Ball 2-0: Called Strike 2-1: Called Strike 2-2: Foul Ball, location: 2F 2-2: Ball 3-2: Ground out U3 (Groundball, 3L, EV 100.6 MPH)
|
Batting: RHB Josh Hoeye
|
0-0: Called Strike 0-1: Fly out, F9 (Flyball, 9D, EV 101.9 MPH)
|
Bottom of the 8th over - 0 runs, 0 hits, 0 errors, 0 left on base; Charlotte 0 - Columbus 1 |
TOP OF THE 9TH |
Charlotte Knights batting - Pitching for Columbus Clippers : RHP Josh Hoeye
|
Pitching: RHP Chris Cohen
|
|
Batting: LHB Adam Tarbutton
|
0-0: Foul Ball, location: 2F 0-1: Foul Ball, location: 2F 0-2: Ball 1-2: Fly out, F5 (Line Drive, 5, EV 65.6 MPH)
|
Batting: RHB Fletcher Easter
|
0-0: Called Strike 0-1: Ball 1-1: Ground out 1-3 (Groundball, 34S, EV 72.5 MPH)
|
Pinch Hitting: LHB Edgar Castillo
|
0-0: Swinging Strike 0-1: Ground out 6-3 (Groundball, 6M, EV 88.1 MPH)
|
Top of the 9th over - 0 runs, 0 hits, 0 errors, 0 left on base; Charlotte 0 - Columbus 1 |
|